cohdb
Replays
Latest Replays
All Replays
Popular Replays
Top Player Replays
Match Explorer
How It Works
Community
CoH3 Stats
Reddit
Sign in to upload your games and track your stats! →
Sign in with Steam
Match 43755573
Unlisted
Match 43755573
Overview
Messages
Build Orders
End
Construct Barracks
Riflemen Squad
Riflemen Squad
Construct Weapon Support Center
M1919 Machine Gun Team
M1 Mortar Team
M1919 Machine Gun Team
Infantry Support Center
Grenade Package
Engineer Squad
M3 Armored Personnel Carrier
Construct Motor Pool
M1918 Browning Automatic Rifles
Advanced Logistics
Forward Retreat Point
M1 Anti-tank Gun Team
Selects Special Operations Battlegroup
Selects M29 Weasel Recon Vehicle
Selects P-47 Anti-Infantry Loiter
Selects UNKNOWN (2162291)
Construct Tank Depot
Survival Training
Selects Raiding Flares
Selects SSF Commando Squad
P-47 Anti-Infantry Loiter
M4A1 Sherman Whizbang
.30 cal Machine Gun
Wheanors McQueen
anioki
baby blue
Syverus
UA - ♠ $imA ♠
UA -=Vov@N=-
Tur75
Comandante[BLR]
0
0
Comments
sign in to comment!
No comments posted yet!